 Dungeon Crawl Stone Soup version 0.24.0-123-gd5b16e6ec5 (webtiles) character file.

Game seed: 5509126490606122432, levelgen mode: deterministic

9 Descartes the Digger (level 2, 0/15 HPs)
             Began as a Gargoyle Earth Elementalist on Jan 19, 2020.
             Slain by a jackal (2 damage)
             ... on level 2 of the Dungeon.
             The game lasted 00:02:55 (737 turns).

Descartes the Digger (Gargoyle Earth Elementalist)   Turns: 737, Time: 00:02:57

Health: 0/15       AC:  4    Str: 11    XL:     2   Next: 16%
Magic:  3/5        EV: 12    Int: 15    God:
Gold:   86         SH:  0    Dex: 15    Spells: 2/5 levels left

rFire    . . .     SeeInvis .   a - +0 short sword
rCold    . . .     Gourm    .   (no shield)
rNeg     + . .     Faith    .   c - +0 robe
rPois    ∞         Spirit   .   (no helmet)
rElec    +         Reflect  .   (no cloak)
rCorr    .         Harm     .   (no gloves)
MR       .....                  (no boots)
Stlth    ++........             (no amulet)
HPRegen  0.05/turn              l - +5 ring of dexterity
MPRegen  0.09/turn              (no ring)

@: no status effects
A: negative energy resistance 1, electricity resistance, unbreathing,
petrification resistance, rot immunity, AC +2
a: no special abilities


You were on level 2 of the Dungeon.
You were not hungry.

You visited 1 branch of the dungeon, and saw 2 of its levels.

You collected 86 gold pieces.

Inventory:

Hand Weapons
 a - a +0 short sword (weapon)
Missiles
 b - 56 stones (quivered)
 p - 4 javelins
Armour
 c - a +0 robe (worn)
 e - a +0 chain mail
 q - a cursed +0 leather armour
Jewellery
 l - a +5 ring of dexterity (left hand)
Scrolls
 g - a scroll of teleportation {unknown}
 h - a scroll of enchant weapon {unknown}
 j - a scroll of identify {unknown}
 m - a scroll of noise {unknown}
 n - a scroll of magic mapping {unknown}
 o - a scroll of remove curse {unknown}
Potions
 f - a potion of curing {unknown}
 i - a potion of magic {unknown}
Comestibles
 d - a ration
 k - a chunk of flesh


   Skills:
 + Level 1.8 Dodging
 + Level 2.4 Stealth
 + Level 2.1 Spellcasting
 - Level 0.7 Transmutations
 + Level 3.8 Earth Magic


You had 2 spell levels left.
You knew the following spells:

 Your Spells              Type           Power        Failure   Level  Hunger
a - Sandblast             Erth           ##....       4%          1    #......
b - Passwall              Tmut/Erth      #.......     13%         2    ###....

Your spell library contained the following spells:

 Spells                   Type           Power        Failure   Level  Hunger
 Stone Arrow              Conj/Erth      #.....       30%         3    ###....
 Petrify                  Tmut/Erth      #.......     63%         4    #####..
 Lee's Rapid Deconstruct  Erth           ##........   77%         5    ######.


Dungeon Overview and Level Annotations

Branches:
Dungeon (2/15)

Altars:


Innate Abilities, Weirdness & Mutations

You are resistant to torment.
Your stone body is resilient. (AC +2)
You are immune to poison.
You resist negative energy. (rN+)
You are resistant to electric shocks. (rElec)
You can survive without breathing.
You are immune to petrification.
You are immune to rotting.


Message History

The blast of sand hits the jackal but does no damage.
The jackal is severely wounded.
b - 57 stones The jackal barks!
You hear a shout!
The bat misses you.
The jackal bites you but does no damage. x2
The kobold hits you but does no damage. The bat barely misses you.
Unknown command.
Casting: Sandblast (safe; 4% risk of failure)
Confirm with . or Enter, or press ? or * to list all spells.
Aiming: Sandblast (safe; 4% risk of failure)
Press: ? - help, Shift-Dir - straight line, f/p - jackal
Aim: a jackal (severely wounded)
The blast of sand hits the jackal!
You kill the jackal!
b - 56 stones The bat hits you.
* * * LOW HITPOINT WARNING * * *
The jackal bites you.
You die...

#. .## #. ..# #.
### ..## #. ...
..§ #. #.# ..# #.
#?# ..#
####.##@##^.#
#.....bKhhh.#
#..####K.J.....[.
... ####..##### [
..# ..# ..# ...
Kh##


You could see an ooze, 3 jackals, a bat and 2 kobolds.

Vanquished Creatures
  A leopard gecko (D:1)
  A goblin (D:1)
  A jackal (D:2)
  2 frilled lizards (D:1)
  4 kobolds (D:1)
9 creatures vanquished.

Notes
Turn   | Place    | Note
-------+----------+-------------------------------------------
     0 | D:1      | Descartes the Gargoyle Earth Elementalist began the quest
                  | for the Orb.
     0 | D:1      | Reached XP level 1. HP: 10/10 MP: 3/3
   520 | D:1      | Reached XP level 2. HP: 15/15 MP: 5/5
   527 | D:1      | Learned a level 2 spell: Passwall
   737 | D:2      | Slain by a jackal

Levels and vault maps discovered:
D:1:      eino_arrival_tree_alley, layout_basic, due_unseen_surprise
D:2:      layout_loops_ring, gammafunk_temple_overflow_statue,
          nicolae_ru_the_path_less_chosen

Action                   || total
-------------------------++-------
Melee: Short sword       ||    28
 Cast: Sandblast         ||     3
       Passwall          ||     2
Armor: Chain mail        ||     7
       Robe              ||    12
Dodge: Dodged            ||    36
